 Dungeon Crawl Stone Soup version 0.28-a0-479-g5baa6b73be (webtiles) character file.

Game seed: 7385891154758809223

188 timneilson the Covered (level 5, -1/33 HPs)
             Began as a Gargoyle Fighter on Sept 17, 2021.
             Slain by a phantom (5 damage)
             ... on level 4 of the Dungeon.
             The game lasted 00:03:22 (3301 turns).

timneilson the Covered (Gargoyle Fighter)           Turns: 3301, Time: 00:03:23

Health: -1/33      AC: 11    Str: 21    XL:     5   Next: 67%
Magic:  4/4        EV: 10    Int:  8    God:
Gold:   210        SH:  4    Dex:  7    Spells: 4/4 levels left

rFire   . . .      SeeInvis .   a - +0 long sword
rCold   . . .      Faith    .   c - +0 buckler
rNeg    + . .      Spirit   .   b - +0 scale mail
rPois   ∞          Reflect  .   (helmet restricted)
rElec   +          Harm     .   (no cloak)
rCorr   .          Rampage  .   (no gloves)
Will    .....                   (no boots)
Stlth   ..........              (no amulet)
HPRegen 0.11/turn               (no ring)
MPRegen 0.09/turn               (no ring)

@: no status effects
A: sickness immunity, AC +4, negative energy resistance 1, electricity
resistance, torment resistance 1, petrification resistance, horns 1, clumsy 1,
low mp 1
a: no special abilities


You were on level 4 of the Dungeon.
You visited 1 branch of the dungeon, and saw 4 of its levels.

You collected 210 gold pieces.

Inventory:

Hand Weapons
 a - a +0 long sword (weapon)
Armour
 b - a +0 scale mail (worn)
 c - a +0 buckler (worn)
Wands
 e - a wand of acid (5)
 l - a wand of polymorph (8)
Scrolls
 f - a scroll of fog
 h - a scroll of enchant armour {unknown}
 k - a scroll of magic mapping
Potions
 d - a potion of might
 g - a potion of attraction
 j - 2 potions of curing {unknown}


   Skills:
 + Level 3.7 Fighting
 * Level 2.9 Long Blades
 * Level 4.3 Armour
 + Level 1.2 Dodging
 * Level 4.3 Shields
 + Level 0.8 Evocations


You had 4 spell levels left.
You didn't know any spells.
Your spell library was empty.

Dungeon Overview and Level Annotations

Branches:
Dungeon (4/15)
 Temple: D:4-7

Altars:


Innate Abilities, Weirdness & Mutations

You are immune to sickness and miasma.
Your stone body is resilient. (AC +4)
You are immune to poison.
You resist negative energy. (rN+)
You are resistant to electric shocks. (rElec)
You are resistant to unholy torment.
You are immune to petrification.
You have a pair of small horns on your head.
You are clumsy. (Dex -2)
Your magical capacity is low. (-10% MP)


Message History

The phantom is heavily damaged.
The phantom barely misses you.
The phantom hits you but does no damage.
You slash the phantom!
The phantom is severely damaged.
The phantom hits you but does no damage.
You barely miss the phantom.
The phantom is severely damaged.
The phantom hits you but does no damage.
You miss the phantom.
The phantom is severely damaged.
The phantom hits you!
The phantom blinks!
You blink.
You barely miss the phantom.
The phantom is severely damaged.
The phantom hits you.
The phantom blinks!
You blink.
The phantom hits you.
You hit the phantom.
The phantom is severely damaged.
The phantom hits you.
You barely miss the phantom.
The phantom is severely damaged.
The phantom hits you.
You miss the phantom.
The phantom is severely damaged.
The phantom hits you.
* * * LOW HITPOINT WARNING * * *
The phantom blinks!
You blink.
You block the phantom's attack.
You closely miss the phantom.
The phantom is severely damaged.
The phantom hits you but does no damage.
You miss the phantom.
The phantom is severely damaged.
The phantom hits you.
* * * LOW HITPOINT WARNING * * *
You hit the phantom but do no damage.
The phantom is severely damaged.
The phantom barely misses you.
It was a potion of mutation.
You feel extremely strange.
You feel less energetic.
You feel clumsy. A pair of horns grows on your head! The phantom hits you.
You die...

#### #### ...#####
#..# .......######
#..#
....#.......####..#
.....###..........#
.......#####....W.#
........# ####.@.#
. ........#
###..####....
.........#
#.........
.....<....#
#..#......
..........# #.##
.(... ..........#
.. .... ..... #..
... ##.. ... ..
#.## .


You could see a phantom.

Vanquished Creatures
  A necrophage (D:4)
  A hound skeleton (D:3)
  2 adders (D:3)
  An orc (D:3)
  9 ball pythons
  6 bats
  9 endoplasms
  5 giant cockroaches
  3 goblins
  11 hobgoblins
  8 kobolds
  A quokka (D:1)
  3 frilled lizards (D:1)
  7 rats
67 creatures vanquished.

Vanquished Creatures (others)
  8 plants (D:1)
8 creatures vanquished.

Grand Total: 75 creatures vanquished

Notes
Turn   | Place    | Note
-------+----------+-------------------------------------------
     0 | D:1      | timneilson the Gargoyle Fighter began the quest for the
                  | Orb.
     0 | D:1      | Reached XP level 1. HP: 14/14 MP: 1/1
   174 | D:1      | Reached XP level 2. HP: 19/19 MP: 2/2
   647 | D:1      | Reached XP level 3. HP: 23/23 MP: 3/3
  2077 | D:2      | Found a faded altar of an unknown god.
  2420 | D:3      | Reached XP level 4. HP: 25/28 MP: 4/4
  2654 | D:3      | Reached skill level 1 in Dodging
  3149 | D:4      | Noticed a necrophage
  3160 | D:4      | Killed a necrophage
  3161 | D:4      | Reached XP level 5. HP: 21/33 MP: 5/5
  3279 | D:4      | Noticed a phantom
  3301 | D:4      | Gained mutation: Your magical capacity is low. (-10% MP)
                  | [potion of mutation]
  3301 | D:4      | Gained mutation: You are clumsy. (Dex -2) [potion of
                  | mutation]
  3301 | D:4      | Gained mutation: You have a pair of small horns on your
                  | head. [potion of mutation]
  3301 | D:4      | Slain by a phantom

Illustrated notes

Levels and vault maps discovered:
D:1:      nagdon_arrival_double_spiral, layout_basic, lexackson_kobold_supper
D:2:      layout_basic, dilly_ecumenical_altar_fadedgnrine, grunt_ministairs_6
D:3:      layout_basic, minmay_misc_feat_roman
D:4:      layout_cave_pods, minmay_fractal_squares_5, uniq_robin

Skill      XL: |  1  2  3  4 |
---------------+-------------+-----
Long Blades    | 2 |  2.9
Shields        | 4 |  4.3
Armour         | 4 |  4.3
Dodging        | 1 |  1.2
Fighting       | |  3.7
Evocations     | |  0.8

Action                   |  1- 3 |  4- 6 || total
-------------------------+-------+-------++-------
Melee: Long sword        |   128 |   102 ||   230
  Use: Scroll            |     3 |     1 ||     4
       Potion            |       |     1 ||     1
Armor: Scale mail        |    69 |    48 ||   117
Dodge: Dodged            |    59 |    50 ||   109
Block: Buckler           |    32 |    20 ||    52

Table legend: (Time is in decaauts)
 A = Elapsed time spent in this place.
 B = Non-inter-level travel time spent in this place.
 C = Inter-level travel time spent in this place.
 D = Time resting spent in this place.
 E = Time spent auto-exploring this place.
 F = Levels seen in this place.
 G = Mean time per level.
                   A        B        C        D        E       F      G
               +--------+--------+--------+--------+--------+-----+--------+
         Total |   3366 |   3196 |    170 |      0 |   2669 |   4 |  841.5 |
       Dungeon |   3366 |   3196 |    170 |      0 |   2669 |   4 |  841.5 |
               +--------+--------+--------+--------+--------+-----+--------+

Top non-repeatable levels by time:
     D:2: 1267 daAuts
     D:1: 1155 daAuts
     D:3: 748 daAuts
     D:4: 194 daAuts
